 Dungeon Crawl Stone Soup version 0.21.1-1-g345015f (webtiles) character file.

56 Mgcat the Scratcher (level 3, 0/16 HPs)
             Began as a Felid Transmuter on Mar 7, 2018.
             Splashed by a jelly's acid (2 damage)
             ... on level 2 of the Dungeon.
             The game lasted 00:04:45 (1627 turns).

Mgcat the Scratcher (Felid Transmuter)              Turns: 1627, Time: 00:04:46

Health: 0/16       AC: -7    Str:  7    XL:     3   Next: 71%
Magic:  7/7        EV: 18    Int: 14    God:
Gold:   102        SH:  0    Dex: 16    Spells: 3/6 levels left
                                        Lives:  0   Deaths: 0

rFire    . . .     SeeInvis +     - Unarmed
rCold    . . .     Gourm    .   (shield unavailable)
rNeg     . . .     Faith    .   (armour unavailable)
rPois    .         Spirit   .   (helmet unavailable)
rElec    .         Reflect  .   (cloak unavailable)
rCorr    .         Harm     .   (gloves unavailable)
MR       .....                  (boots unavailable)
Stlth    +++.......             (no amulet)
HPRegen  0.05/turn              (no ring)
MPRegen  0.10/turn              (no ring)

@: corroded, quick
A: very small, no armour, no weapons or thrown items, stealth, claws 1, fangs 3,
see invisible, carnivore, speed 1, shaggy fur 1, slow metabolism 1, sharp paws
a: no special abilities


You were on level 2 of the Dungeon.
You were completely stuffed.

You visited 1 branch of the dungeon, and saw 2 of its levels.

You collected 102 gold pieces.

Inventory:

Missiles
 a - 66 arrows
Scrolls
 d - a scroll of fog {unknown}
 f - 4 scrolls of identify {unknown}
 g - 2 scrolls of amnesia {unknown}
 h - a scroll of random uselessness {unknown}
 i - 2 scrolls of remove curse {unknown}
Potions
 k - a potion of heal wounds {unknown}
Books
 b - a book of Changes
Comestibles
 c - 5 rations


   Skills:
 + Level 2.0 Fighting
 - Level 2.6 Dodging
 + Level 2.2 Stealth
 + Level 3.5 Unarmed Combat
 - Level 2.0 Spellcasting
 + Level 2.9 Transmutations


You had 3 spell levels left.
You knew the following spells:

 Your Spells              Type           Power        Failure   Level  Hunger
a - Beastly Appendage     Tmut           #.....       7%          1    ##.....
b - Sticks to Snakes      Tmut           #.......     11%         2    ###....


Dungeon Overview and Level Annotations

Branches:
Dungeon (2/15)

Altars:


Innate Abilities, Weirdness & Mutations

You cannot wear armour.
You are incapable of wielding weapons or throwing items.
Your paws allow you to move quietly. (Stealth)
You have sharp claws.
You have razor-sharp teeth.
You have supernaturally acute eyesight. (SInv)
You are carnivorous and can eat meat at any time.
You cover ground quickly.
You are covered in fur. (AC +1)
You have a slow metabolism.
Your sharp claws are effective at attacking unaware monsters.


Message History

You scratch the jelly. The acid corrodes you!
Your paws burn!
The jelly is moderately wounded.
The bat barely misses you. x2; The jelly hits you.
You are splashed with acid!
The acid burns!
Ouch! That really hurt!
* * * LOW HITPOINT WARNING * * *
The bat hits you.
* * * LOW HITPOINT WARNING * * *
The bat barely misses you. The bat barely misses you. The bat hits you.
* * * LOW HITPOINT WARNING * * *
It was a potion of curing.
You feel better. The bat completely misses you. The bat misses you.
The bat barely misses you. The bat hits you. The bat completely misses you.
The bat closely misses you. x2
The bat closely misses you. The bat hits you.
Casting: Beastly Appendage
Confirm with . or Enter, or press ? or * to list all spells.
You grow a pair of large bovine horns.
The bat hits you.
You are no longer corroded.
The bat closely misses you.
You closely miss the bat. The bat hits you but does no damage.
You barely miss the bat. The bat closely misses you.
You scratch the bat but do no damage. Your bite misses the bat.
The bat closely misses you.
Your transformation is almost over.
The bat hits you but does no damage. The bat misses you. The bat misses you. x2
The bat hits you. The bat hits you.
* * * LOW HITPOINT WARNING * * *
The bat barely misses you. The bat hits you.
* * * LOW HITPOINT WARNING * * *
Your horns disappear.
The bat barely misses you. The bat hits you.
* * * LOW HITPOINT WARNING * * *
The bat closely misses you. The bat hits you.
* * * LOW HITPOINT WARNING * * *
The bat hits you but does no damage. The bat completely misses you.
The bat closely misses you.
You feel better. The bat completely misses you. The bat hits you.
The bat barely misses you. The bat completely misses you.
You scratch the bat.
You kill the bat!
There is a stone staircase leading up here.
You climb upwards.
There is a stone staircase leading down here.
You start resting.
HP restored.
You start resting.
Eating one of 3 chunks of flesh {@w0}.
You eat one of the 3 chunks of flesh {@w0}.
This raw flesh tastes great.
All of the chunks of flesh in your inventory have rotted away.
HP restored.
Casting: Beastly Appendage
Confirm with . or Enter, or press ? or * to list all spells.
You grow a pair of large bovine horns.
You climb downwards.
Your transformation is almost over.
There is a stone staircase leading up here.
You miss the quokka. You bite the quokka, but do no damage.
The quokka barely misses you. The quokka bites you.
You closely miss the quokka. The quokka misses you.
You closely miss the quokka. Your headbutt misses the quokka.
The quokka misses you.
You closely miss the quokka. You bite the quokka.
The quokka is lightly wounded.
The quokka completely misses you.
You scratch the quokka. Your headbutt misses the quokka.
The quokka is severely wounded.
The quokka closely misses you.
You closely miss the quokka. Your headbutt misses the quokka.
The quokka is severely wounded.
The quokka closely misses you.
You closely miss the quokka. Your headbutt misses the quokka.
The quokka is severely wounded.
The quokka bites you.
You are too injured to fight recklessly!
You are too injured to fight recklessly!
You scratch the quokka.
You kill the quokka!
Your Fighting skill increases to level 2!
You scratch the jelly but do no damage.
Your paws burn!
Your horns disappear.
You barely miss the jelly. The jelly hits you but does no damage.
You scratch the jelly but do no damage. The acid corrodes you!
Your paws burn!
The jelly barely misses you.
You completely miss the jelly. The jelly hits you. The acid corrodes you!
You are splashed with acid!
The acid burns!
* * * LOW HITPOINT WARNING * * *
You scratch the jelly but do no damage.
Your paws burn!
You die...

#.# #.#.##.# #.#
#.##.# #.# #.##.# #.#
#.##.### #.# #......#
#.# #..###.# #.# #..#
#.# #.# #..###.######
#.#
#..@........########
#.#
#####J#######.........
#.#
#........r.....#######
#.#
#.###................#
#.#
#.......J...#####.#
#.#.#.# #.#######..##
#.#.#.# #.# #..# .#
#.#.#.# ..# #..# ..
#.#.#.# #..# #J.# #.


You could see a jelly.

Vanquished Creatures
  An adder (D:2)
  A worm (D:2)
  3 dart slugs (D:1)
  A leopard gecko (D:1)
  7 bats
  A giant cockroach (D:2)
  2 hobgoblins
  2 jackals (D:1)
  5 kobolds
  A quokka (D:2)
  A ball python (D:2)
  2 frilled lizards
  6 goblins
  6 rats
39 creatures vanquished.

Notes
Turn   | Place    | Note
-------+----------+-------------------------------------------
     0 | D:1      | Mgcat the Felid Transmuter began the quest for the Orb.
     0 | D:1      | Reached XP level 1. HP: 9/9 MP: 4/4
   138 | D:1      | Reached skill level 1 in Stealth
   138 | D:1      | Reached XP level 2. HP: 11/12 MP: 6/6
   556 | D:1      | HP: 3/12 [goblin/club (4)]
   897 | D:2      | Reached skill level 2 in Stealth
   897 | D:2      | Reached XP level 3. HP: 10/16 MP: 5/7
   954 | D:2      | HP: 4/16 [bat (1)]
  1310 | D:2      | Learned a level 2 spell: Sticks to Snakes
  1390 | D:2      | HP: 3/16 [acid (8)]
  1393 | D:2      | HP: 1/16 [bat (1)]
  1422 | D:2      | HP: 4/16 [bat (1)]
  1427 | D:2      | HP: 2/16 [bat (1)]
  1622 | D:2      | Reached skill level 2 in Fighting
  1626 | D:2      | HP: 2/16 [acid (6)]
  1627 | D:2      | Splashed by a jelly's acid

Skill      XL: |  1  2  3 |
---------------+----------+-----
Stealth        | 1 2 |  2.2
Fighting       | 2 |  2.0
Dodging        | |  2.6
Unarmed Combat | |  3.5
Spellcasting   | |  2.0
Transmutations | |  2.9

Action                   || total
-------------------------++-------
Melee: Unarmed           ||    90
       Bite              ||     5
       Headbutt          ||     1
 Cast: Beastly Appendage ||     6
  Use: Potion            ||     2
 Stab: Sleeping          ||    11
  Eat: Chunk             ||     9
Armor: Skin              ||     9
Dodge: Dodged            ||    73

Vault maps used:
D:1:      lemuel_arrival_room, minmay_tetromino_o4
D:2:      bloody_trog, first_ration

Table legend:
 A = Turns spent in this place as a percentage of turns spent in the entire game.
 B = Non-inter-level travel turns spent in this place as a percentage of non-inter-level travel turns spent in the entire game.
 C = Inter-level travel turns spent in this place as a percentage of turns spent in this place.
 D = Turns resting spent in this place as a percentage of non-inter-level travel turns spent in this place.
 E = Turns spent auto-exploring this place as a percentage of non-inter-level travel turns spent in this place.
 F = Non-inter-level travel turns spent in this place divided by the number of levels of this place that you've seen.
                   A       B       C       D       E      F
               +-------+-------+-------+-------+-------+----------------------
         Total | 100.0 | 100.0 |   3.7 |  24.3 |  54.4 | 783.5
       Dungeon | 100.0 | 100.0 |   3.7 |  24.3 |  54.4 | 783.5
               +-------+-------+-------+-------+-------+----------------------

Table legend:
 A = Kills in this place as a percentage of kills in entire the game.
 B = Kills by you in this place as a percentage of kills by you in the entire game.
 C = Kills by friends in this place as a percentage of kills by friends in the entire game.
 D = Other kills in this place as a percentage of other kills in the entire game.
 E = Experience gained in this place as a percentage of experience gained in the entire game.
 F = Experience gained in this place divided by the number of levels of this place that you have seen.
                   A       B       C       D       E      F
               +-------+-------+-------+-------+-------+----------------------
         Total | 100.0 | 100.0 |   N/A |   N/A | 100.0 |  40.5
       Dungeon | 100.0 | 100.0 |   N/A |   N/A | 100.0 |  40.5
               +-------+-------+-------+-------+-------+----------------------
